 Dungeon Crawl Stone Soup version 0.30-a0-1008-g30c9307041 (webtiles) character file.

Game seed: 14203879853855961061

297 Demosthentine the Poker (level 6, -3/49 HPs)
             Began as a Demonspawn Gladiator on Apr 6, 2023.
             Killed from afar by Ijyb (10 damage)
             ... with a puff of flame
             ... on level 4 of the Dungeon.
             The game lasted 00:02:36 (3055 turns).

Demosthentine the Poker (Demonspawn Gladiator)      Turns: 3055, Time: 00:02:37

Health: -3/49      AC:  8    Str: 16    XL:     6   Next: 12%
Magic:  6/6        EV: 18    Int:  9    God:
Gold:   174        SH:  0    Dex: 15    Spells: 5/5 levels left

rFire   . . .      SeeInvis .    a - +0 trident
rCold   . . .      Faith    .    (no shield)
rNeg    . . .      Spirit   .    b - +0 leather armour
rPois   .          Reflect  .    c - +0 helmet
rElec   .          Rampage  .    (no cloak)
rCorr   .                        o - +1 pair of gloves
Will    .....                    (no boots)
Stlth   +                        (no amulet)
HPRegen 0.28/turn                l - +5 ring of evasion
MPRegen 0.10/turn                (no ring)

@: attractive
A: rugged brown scales 2
a: no special abilities


You were on level 4 of the Dungeon.
You visited 1 branch of the dungeon, and saw 4 of its levels.

You collected 174 gold pieces.

Inventory:

Hand Weapons
 a - a +0 trident (weapon)
Missiles
 d - a throwing net (quivered)
 e - a javelin
Armour
 b - a +0 leather armour (worn)
 c - a +0 helmet (worn)
 o - a +1 pair of gloves (worn)
Jewellery
 l - a +5 ring of evasion (left hand)
Wands
 i - a wand of light (7)
Scrolls
 k - 2 scrolls of teleportation
 m - a scroll of enchant weapon {unknown}
 q - a scroll of silence {unknown}
 r - a scroll of identify
Potions
 g - 2 potions of lignification
 h - a potion of magic
 n - a potion of mutation {unknown}
 p - a potion of flight {unknown}


   Skills:
 + Level 3.6 Fighting
 + Level 3.9 Polearms
 - Level 1.7 Throwing
 + Level 2.5 Armour
 + Level 3.8 Dodging


You had 5 spell levels left.
You didn't know any spells.
Your spell library was empty.

Dungeon Overview and Level Annotations

Branches:
Dungeon (4/15)
 Temple: D:4-7

Altars:

Annotations:
D:4 Ijyb


Innate Abilities, Weirdness & Mutations

You are mostly covered in rugged brown scales. (AC +2, +5% HP)


Message History

The ball python barely misses you. The ball python constricts you.
The ball python closely misses you. The ball python constricts you.
Ijyb hits you with a +0 dagger.
You hit the ball python.
You kill the ball python!
Ijyb hits you but does no damage.
You barely miss Ijyb.
Ijyb is moderately wounded.
Ijyb hits you with a +0 dagger.
You hit Ijyb but do no damage.
Ijyb is moderately wounded.
Ijyb zaps a wand.
The puff of flame hits you!
You hit Ijyb but do no damage.
Ijyb is moderately wounded.
Ijyb hits you with a +0 dagger.
You barely miss Ijyb.
Ijyb is moderately wounded.
Ijyb zaps a wand.
The puff of flame hits you!
* * * LOW HITPOINT WARNING * * *
You hit Ijyb.
Ijyb is severely wounded.
Ijyb closely misses you.
You closely miss Ijyb.
Ijyb is severely wounded.
Ijyb barely misses you.
It was a potion of attraction.
You feel attractive to monsters.
Ijyb zaps a wand.
The puff of flame hits you!
* * * LOW HITPOINT WARNING * * *
Unknown command.
It was a potion of curing.
You feel better. Ijyb closely misses you.
You hit Ijyb.
Ijyb is almost dead.
Ijyb hits you with a +0 dagger.
* * * LOW HITPOINT WARNING * * *
Ijyb hits you but does no damage.
You hit Ijyb but do no damage.
Ijyb is almost dead.
Ijyb zaps a wand.
The puff of flame hits you!
You die...

.............##... ...#
..........#.†...## ....
.........##....#. .....
# .....#..###..... ....
#.##...#..##...###
#.............#.....##
##.[.# #.....###......
##.....####....#.....#..
#......@go...##......#..
....#.†###...##........>
# #.# ###............
#.. #....#####.... #.
##†.## ..## .. ..... ###
.. ...##... #.. ##.#
###.. ... ...


You could see Ijyb and an orc.

Vanquished Creatures
  Menkaure (D:4)
  A scorpion (D:4)
  4 gnolls (D:2)
  2 adders
  6 dart slugs (D:1)
  8 ball pythons
  3 endoplasms
  A giant cockroach (D:1)
  6 goblins
  5 hobgoblins
  8 jackals
  A quokka (D:2)
  A bat (D:2)
  4 frilled lizards
  5 kobolds
  4 rats
60 creatures vanquished.

Notes
Turn   | Place    | Note
-------+----------+-------------------------------------------
     0 | D:1      | Demosthentine the Demonspawn Gladiator began the quest for
                  | the Orb.
     0 | D:1      | Reached XP level 1. HP: 16/16 MP: 1/1
   213 | D:1      | Gained mutation: You are partially covered in rugged brown
                  | scales. (AC +1, +3% HP) [demonic ancestry]
   213 | D:1      | Reached XP level 2. HP: 16/22 MP: 2/2
   554 | D:1      | Reached skill level 1 in Armour
   557 | D:1      | Gained mutation: You are mostly covered in rugged brown
                  | scales. (AC +2, +5% HP) [demonic ancestry]
   557 | D:1      | Reached XP level 3. HP: 16/29 MP: 3/3
   663 | D:1      | Found a faded altar of an unknown god.
  1037 | D:2      | Reached XP level 4. HP: 35/35 MP: 4/4
  2800 | D:4      | Noticed a scorpion
  2819 | D:4      | Killed a scorpion
  2820 | D:4      | Reached XP level 5. HP: 24/43 MP: 5/5
  2939 | D:4      | Noticed Menkaure
  2949 | D:4      | Killed Menkaure
  2950 | D:4      | Reached XP level 6. HP: 48/49 MP: 6/6
  3018 | D:4      | Noticed Ijyb
  3055 | D:4      | Killed from afar by Ijyb

Illustrated notes

Levels and vault maps discovered:
D:1:      dpeg_arrival_radiant, layout_basic,
          hellmonk_ecumenical_altar_defaced_shrine, nrook_mini_vaults
D:2:      layout_basic
D:3:      layout_basic
D:4:      layout_cave_pools, serial_rivers, chequers_serial_rivers_room_a,
          chequers_serial_rivers_small_3, chequers_serial_rivers_micro_a,
          chequers_serial_rivers_room_a, uniq_menkaure, uniq_ijyb

Skill      XL: |  1  2  3  4 |
---------------+-------------+-----
Polearms       | 3 |  3.9
Dodging        | 3 |  3.8
Armour         | 1 2 |  2.5
Fighting       | 3 |  3.6
Throwing       | |  1.7

Action                     |  1- 3 |  4- 6 || total
---------------------------+-------+-------++-------
  Melee: Trident           |    95 |   120 ||   215
         Punch             |     1 |     2 ||     3
  Throw: Throwing net      |     3 |       ||     3
    Use: Scroll            |     2 |     5 ||     7
         Potion            |     1 |     2 ||     3
   Stab: Held in net/web   |     1 |       ||     1
         Sleeping          |       |     1 ||     1
 Armour: Leather armour    |    45 |    22 ||    67
  Dodge: Dodged            |    90 |    96 ||   186

Table legend: (Time is in decaauts)
 A = Elapsed time spent in this place.
 B = Non-inter-level travel time spent in this place.
 C = Inter-level travel time spent in this place.
 D = Time resting spent in this place.
 E = Time spent auto-exploring this place.
 F = Levels seen in this place.
 G = Mean time per level.
                   A        B        C        D        E       F      G
               +--------+--------+--------+--------+--------+-----+--------+
         Total |   3083 |   3038 |     45 |    100 |   2479 |   4 |  770.8 |
       Dungeon |   3083 |   3038 |     45 |    100 |   2479 |   4 |  770.8 |
               +--------+--------+--------+--------+--------+-----+--------+

Top non-repeatable levels by time:
     D:3: 978 daAuts
     D:2: 910 daAuts
     D:1: 877 daAuts
     D:4: 316 daAuts
